 Dungeon Crawl Stone Soup version 0.27.1-3-gb3d3a73c9e (webtiles) character file.

Game seed: 14218715623573590648

65 Urokeeper the Sneak (level 4, -8/34 HPs)
             Began as a Human Brigand on Oct 5, 2021.
             Mangled by a gnoll (10 damage)
             ... on level 2 of the Dungeon.
             The game lasted 00:04:41 (1331 turns).

Urokeeper the Sneak (Human Brigand)                 Turns: 1331, Time: 00:04:41

Health: -8/34      AC:  4    Str: 11    XL:     4   Next: 35%
Magic:  4/4        EV: 12    Int: 11    God:
Gold:   15         SH:  0    Dex: 16    Spells: 3/3 levels left

rFire    . . .     SeeInvis .   a - +2 dagger
rCold    . . .     Faith    .   (no shield)
rNeg     . . .     Spirit   .   g - +0 leather armour
rPois    .         Reflect  .   (no helmet)
rElec    .         Harm     .   c - +0 cloak
rCorr    .         Rampage  .   (no gloves)
Will     .....                  (no boots)
Stlth    +++.......             (no amulet)
HPRegen  0.11/turn              (no ring)
MPRegen  0.09/turn              (no ring)

@: no status effects
A: no striking features
a: no special abilities


You were on level 2 of the Dungeon.
You visited 1 branch of the dungeon, and saw 2 of its levels.

You collected 15 gold pieces.

Inventory:

Hand Weapons
 a - a +2 dagger (weapon)
Missiles
 d - 17 poisoned darts (quivered)
 e - a curare-tipped dart
Armour
 b - a +0 robe
 c - a +0 cloak (worn)
 g - a +0 leather armour (worn)
Jewellery
 k - a ring of magical power
Scrolls
 h - a scroll of amnesia {unknown}
 i - a scroll of vulnerability {unknown}
 n - a scroll of teleportation {unknown}
Potions
 f - a potion of might {unknown}
 j - a potion of brilliance {unknown}
 l - a potion of heal wounds {unknown}
 m - a potion of attraction {unknown}


   Skills:
 * Level 2.5 Fighting
 * Level 2.6 Short Blades
 - Level 2.0 Throwing
 + Level 1.0 Armour
 * Level 2.1 Dodging
 * Level 4.3 Stealth


You had 3 spell levels left.
You didn't know any spells.
Your spell library contained the following spells:

 Spells                   Type           Power      Damage    Failure   Level
 Call Canine Familiar     Summ           0%         N/A       80%         3
 Portal Projectile        Hex/Tloc       0%         N/A       80%         3
 Leda's Liquefaction      Hex/Erth       0%         N/A       99%         4


Dungeon Overview and Level Annotations

Branches:
Dungeon (2/15)

Altars:


Message History

Your Dodging skill increases to level 2!
You have reached level 4!
You feel agile.
Throw: 19 darts (poison)
Press: ? - help, Q - select action, (/) - cycle Shift-Dir - straight line, f/p - gnoll
Aim: a gnoll, wielding a +0 flail (65% to hit)
You throw a poisoned dart.
The poisoned dart closely misses the gnoll.
Throw: 18 darts (poison)
Press: ? - help, Q - select action, (/) - cycle Shift-Dir - straight line, f/p - gnoll
Aim: a gnoll, wielding a +0 flail (65% to hit)
You throw a poisoned dart.
The poisoned dart barely misses the gnoll.
You see here a ball python corpse.
You barely miss the gnoll. The gnoll barely misses you.
You hit the gnoll.
The gnoll is moderately wounded.
You hit the gnoll.
The gnoll is heavily wounded.
The gnoll barely misses you.
You hit the gnoll but do no damage.
The gnoll is heavily wounded.
The gnoll barely misses you.
You barely miss the gnoll.
The gnoll is heavily wounded.
The gnoll hits you with a +0 flail!
You hit the gnoll.
The gnoll is severely wounded.
The gnoll hits you with a +0 flail!
* * * LOW HITPOINT WARNING * * *
You hit the gnoll.
You kill the gnoll!
Your Armour skill increases to level 1!
You hit the gnoll but do no damage. The gnoll hits you with a +0 flail!
* * * LOW HITPOINT WARNING * * *
You closely miss the gnoll. You hit the gnoll.
The gnoll is moderately wounded.
The gnoll hits you with a +0 flail!
You die...

(. .. #g # #( .###.#)
#+# ......(### #.#
###### #........# #.#
#....# #.##.###g#
##.## #.##.#
#@####...###.##.#
#.#..............#
#.....####...##.###.##
#####. ##.###.# #.<.
#. #.# #†###.## #. #.#
#...>.# .. #.# #######
## #.# #.#


You could see a gnoll.

Vanquished Creatures
  3 gnolls
  A dart slug (D:1)
  6 endoplasms (D:1)
  3 giant cockroaches (D:1)
  4 goblins (D:1)
  4 hobgoblins (D:1)
  2 ball pythons
  4 bats
  A frilled lizard (D:1)
  2 kobolds (D:1)
  2 rats (D:1)
32 creatures vanquished.

Notes
Turn   | Place    | Note
-------+----------+-------------------------------------------
     0 | D:1      | Urokeeper the Human Brigand began the quest for the Orb.
     0 | D:1      | Reached XP level 1. HP: 16/16 MP: 1/1
   117 | D:1      | Reached XP level 2. HP: 16/22 MP: 2/2
   410 | D:1      | Reached XP level 3. HP: 6/28 MP: 3/3
   933 | D:1      | Found a faded altar of an unknown god.
  1319 | D:2      | Reached XP level 4. HP: 29/34 MP: 4/4
  1329 | D:2      | Reached skill level 1 in Armour
  1331 | D:2      | Mangled by a gnoll

Illustrated notes

Levels and vault maps discovered:
D:1:      denvon_arrival_planthouse, layout_basic,
          shapermc_ecumenical_altar_acropolis, minmay_fountain_box
D:2:      layout_loops_corners, basic_altar, uniq_jessica

Skill      XL: |  1  2  3  4 |
---------------+-------------+-----
Dodging        | 2 |  2.1
Armour         | 1 |  1.0
Fighting       | |  2.5
Short Blades   | |  2.6
Throwing       | |  2.0
Stealth        | |  4.3

Action                   |  1- 3 |  4- 6 || total
-------------------------+-------+-------++-------
Melee: Dagger            |    84 |    10 ||    94
Throw: Dart              |     9 |     2 ||    11
 Stab: Sleeping          |     6 |       ||     6
Armor: Leather armour    |    22 |       ||    22
Dodge: Dodged            |    51 |     3 ||    54
